 Dungeon Crawl Stone Soup version 0.29-a0-753-gb7bb9d756e (console) character file.

Game seed: 6797964611809890997

947 Banquo the Stinger (level 8, 0/51 HPs)
             Began as an Octopode Venom Mage on June 30, 2022.
             Slain by a hornet zombie (1 damage)
             ... in an ossuary.
             The game lasted 00:24:20 (6088 turns).

Banquo the Stinger (Octopode Venom Mage)            Turns: 6088, Time: 00:24:20

Health: 0/51       AC:  1    Str:  7    XL:     8   Next: 13%
Magic:  14/14      EV: 13    Int: 19    God:
Gold:   102        SH:  4    Dex: 13    Spells: 6/16 levels left

rFire   . . .      SeeInvis +   a - +11 spear {drain, rElec rCorr SInv Stlth+}
rCold   . . .      Faith    .   h - +0 buckler
rNeg    . . .      Spirit   .   (helmet restricted)
rPois   .          Reflect  .   (no amulet)
rElec   +          Harm     .   o - ring of flight
rCorr   +          Rampage  .   (no ring)
Will    .....                   (no ring)
Stlth   ++++......              (no ring)
HPRegen 0.17/turn               (no ring)
MPRegen 0.14/turn               (no ring)
                                (no ring)
                                (no ring)

@: flying
A: almost no armour, amphibious, 8 rings, camouflage 1, gelatinous body 1,
(nimble swimmer 1), tentacles
a: no special abilities


You were in an ossuary.
You visited 1 branch of the dungeon, and saw 5 of its levels.
You also visited: Ossuary.

You collected 102 gold pieces.

Inventory:

Hand Weapons
 a - the +11 spear of Loocaev (weapon) {drain, rElec rCorr SInv Stlth+}
   (You found it on level 4 of the Dungeon)

   A truly terrible weapon, it drains the life of any living foe it strikes.
   rElec:     It insulates you from electricity.
   SInv:      It lets you see invisible.
   rCorr:     It protects you from acid and corrosion.
   Stlth:     It makes you more stealthy.
 b - a +0 short sword of electrocution
 t - a +0 dagger of flaming
Missiles
 k - 12 poisoned darts
 l - 57 stones
 n - 2 throwing nets
Armour
 h - a +0 buckler (worn)
 i - an orb of light
Jewellery
 d - an amulet of guardian spirit
 o - a ring of flight (left tentacle)
 v - an amulet of faith
Wands
 y - a wand of iceblast (9)
 B - a wand of flame (25)
 C - a wand of paralysis (13)
Scrolls
 e - 3 scrolls of identify {unknown}
 f - a scroll of enchant armour {unknown}
 p - a scroll of poison {unknown}
 q - a scroll of amnesia {unknown}
 r - 2 scrolls of immolation {unknown}
 x - a scroll of magic mapping {unknown}
 A - a scroll of teleportation {unknown}
 D - a scroll of summoning {unknown}
Potions
 c - a potion of heal wounds {unknown}
 g - a potion of flight {unknown}
 j - 2 potions of magic


   Skills:
 * Level 2.3 Fighting
 * Level 3.6 Polearms
 + Level 2.3 Dodging
 + Level 3.9 Stealth
 * Level 1.5 Shields
 * Level 4.5 Spellcasting
 * Level 1.8 Conjurations
 + Level 1.5 Transmutations
 * Level 2.6 Air Magic
 * Level 5.6 Poison Magic


You had 6 spell levels left.
You knew the following spells:

 Your Spells              Type           Power      Damage    Failure   Level
a - Sting                 Tmut/Pois      72%        1d6       4%          1
c - Mephitic Cloud        Conj/Pois/Air  17%        N/A       13%         3
z - Poisonous Vapours     Pois/Air       40%        N/A       4%          2
O - Olgreb's Toxic Radia  Pois           25%        N/A       17%         4

Your spell library contained the following spells:

 Spells                   Type           Power      Damage    Failure   Level
 Dazzling Flash           Conj/Hex       14%        N/A       34%         3
 Silence                  Hex/Air        4%         N/A       95%         5
 Fireball                 Conj/Fire      3%         3d4       97%         5
 Agony                    Necr           4%         N/A       99%         5
 Starburst                Conj/Fire      3%         6d3       100%        6
 Ignition                 Fire           2%         3d3       100%        8


Dungeon Overview and Level Annotations

Branches:
Dungeon (5/15)            Ossuary (1/1)
 Temple: D:4-7

Altars:
Gozag
Makhleb
Qazlal

Shops:
D:2 !   D:4 [

Annotations:
D:2 1 runed translucent door, Crazy Yiuf


Innate Abilities, Weirdness & Mutations

You cannot wear most types of armour.
You are amphibious.
You can wear up to eight rings at the same time.
Your skin changes colour to match your surroundings (Stealth+).
Your rubbery body absorbs attacks. (AC +1, EV +1)
((You are camouflaged when in or above water. (Stealth+)))
You have tentacles for arms and can constrict up to eight enemies at once.


Message History

The killer bee zombie moves out of view.
There is an open door here.
You reach to attack!
You closely miss the hornet zombie.
A hornet zombie comes into view.
The hornet zombie closely misses you.
A wyvern zombie comes into view.
You closely miss the hornet zombie. Your grab misses the hornet zombie.
You squeeze the hornet zombie.
The hornet zombie is lightly damaged.
The hornet zombie hits you!
You puncture the hornet zombie! Your grab misses the hornet zombie.
The hornet zombie is moderately damaged.
The hornet zombie hits you.
You puncture the hornet zombie! Your grab misses the hornet zombie.
You squeeze the hornet zombie, but do no damage.
The hornet zombie is moderately damaged.
The hornet zombie barely misses you.
You hit the hornet zombie. You grab the hornet zombie.
You squeeze the hornet zombie!
The hornet zombie is heavily damaged.
You constrict the hornet zombie. The hornet zombie hits you!
The hornet zombie hits you.
You puncture the hornet zombie! You squeeze the hornet zombie.
The hornet zombie is severely damaged.
You constrict the hornet zombie. The hornet zombie hits you.
You puncture the hornet zombie!
The hornet zombie is almost destroyed.
You constrict the hornet zombie. The hornet zombie hits you.
You puncture the hornet zombie!
You destroy the hornet zombie!
You barely miss the hornet zombie. You grab the hornet zombie.
You constrict the hornet zombie. The hornet zombie hits you!
* * * LOW HITPOINT WARNING * * *
The hornet zombie hits you!
* * * LOW HITPOINT WARNING * * *
Unknown command.
It was a potion of cancellation.
You feel magically purged.
You constrict the hornet zombie, but do no damage.
The hornet zombie hits you.
You die...

#≈. ≈#
#≈###≈ '≈Z.≈
#####.≈##
#∩..#...#
#.∩.≈≈≈###
#...#≈..≈#
#.#####.####
.....ZZ@'.#
#'#'#'#'###
# #.# ###


You could see a water moccasin zombie (wandering), a wyvern zombie and a hornet
zombie.

Vanquished Creatures
  Edmund (D:5)
  A hornet zombie (Ossuary)
  An ogre (D:4)
  A wyvern zombie (Ossuary)
  A scorpion (D:5)
  A water moccasin zombie (Ossuary)
  A jelly (D:4)
  A bullfrog zombie (Ossuary)
  A centaur zombie (Ossuary)
  A hound (D:4)
  2 iguanas
  Natasha (thrice) (D:2)
  2 mummies (Ossuary)
  Robin (D:3)
  4 gnolls (D:3)
  5 adders
  A worm (D:2)
  2 dart slugs
  2 orcs
  7 ball pythons
  6 endoplasms
  6 giant cockroaches
  5 hobgoblins
  4 jackals (D:3)
  2 kobolds
  3 quokkas
  2 bats
  A frilled lizard (D:1)
  16 goblins
  3 rats
87 creatures vanquished.

Vanquished Creatures (others)
  2 withered plants (Ossuary)
2 creatures vanquished.

Grand Total: 89 creatures vanquished

Notes
Turn   | Place    | Note
-------+----------+-------------------------------------------
     0 | D:1      | Banquo the Octopode Venom Mage began the quest for the Orb.
     0 | D:1      | Reached XP level 1. HP: 11/11 MP: 3/3
   232 | D:1      | Reached skill level 4 in Poison Magic
   325 | D:1      | Reached XP level 2. HP: 10/17 MP: 0/5
   814 | D:1      | You fall into a shaft and drop 1 floor!
   827 | D:2      | Reached XP level 3. HP: 17/21 MP: 3/6
   830 | D:2      | Learned a level 2 spell: Poisonous Vapours
   834 | D:2      | Learned a level 3 spell: Mephitic Cloud
  1006 | D:2      | Found Jusahe's Distillery.
  1204 | D:2      | Noticed Natasha
  1214 | D:2      | Killed Natasha
  1215 | D:2      | Reached XP level 4. HP: 27/27 MP: 1/7
  1449 | D:2      | Noticed Natasha
  1457 | D:2      | Killed Natasha
  1462 | D:2      | Noticed Natasha
  1748 | D:2      | Found a runed translucent door.
  1749 | D:2      | Noticed Crazy Yiuf
  1799 | D:2      | Killed Natasha
  1800 | D:2      | Reached XP level 5. HP: 27/31 MP: 0/9
  2032 | D:3      | Reached skill level 1 in Air Magic
  2123 | D:3      | Reached skill level 5 in Poison Magic
  2720 | D:3      | Noticed Robin
  2905 | D:3      | Found an opulent altar of Gozag.
  2966 | D:3      | Found a burning altar of Makhleb.
  3055 | D:3      | Found a stormy altar of Qazlal.
  3562 | D:3      | Found a burning altar of Makhleb.
  3612 | D:3      | Found an opulent altar of Gozag.
  3636 | D:3      | Found a stormy altar of Qazlal.
  4221 | D:3      | Found a burning altar of Makhleb.
  4251 | D:3      | Killed Robin
  4264 | D:3      | Reached XP level 6. HP: 36/37 MP: 2/11
  4415 | D:3      | Found an opulent altar of Gozag.
  4467 | D:3      | Found a stormy altar of Qazlal.
  4813 | D:4      | Found Butzusa's Antique Armour Emporium.
  4842 | D:4      | Identified the +11 spear of Loocaev {drain, rElec rCorr
                  | SInv Stlth+}
  4850 | D:4      | Learned a level 4 spell: Olgreb's Toxic Radiance
  4941 | D:4      | Reached skill level 1 in Fighting
  4941 | D:4      | Reached skill level 1 in Polearms
  5506 | D:4      | Reached skill level 1 in Conjurations
  5506 | D:4      | Reached XP level 7. HP: 44/44 MP: 8/12
  5590 | D:5      | Entered Level 5 of the Dungeon
  5612 | D:5      | Noticed Edmund
  5633 | D:5      | Killed Edmund
  5634 | D:5      | Reached skill level 1 in Shields
  5727 | D:5      | Found a sand-covered staircase.
  5758 | Ossuary  | Entered an ossuary
  5830 | Ossuary  | Reached XP level 8. HP: 10/50 MP: 14/14
  6087 | Ossuary  | HP: 1/51 [hornet zombie (12)]
  6088 | Ossuary  | Slain by a hornet zombie

Illustrated notes

Levels and vault maps discovered:
D:1:      arrival_zaba_pyramid, layout_basic, hellmonk_ecumenical_altar_blasted
D:2:      layout_rooms, serial_shops, nicolae_shop_crystal, uniq_natasha,
          uniq_crazy_yiuf_cottage
D:3:      layout_loops_ring, grunt_qazlal_sundering,
          mainiacjoe_overflow_large_starburst, eino_curves_01, uniq_robin
D:4:      layout_gridville, serial_shops, nicolae_shop_behind_doors
D:5:      lemuel_ice_spiral_2, layout_basic, enter_ossuary_5,
          hangedman_minor_gate_pass, uniq_eustachio, uniq_edmund
Ossuary:  ossuary_zaba_flooded

Skill      XL: |  1  2  3  4  5  6  7 |
---------------+----------------------+-----
Poison Magic   | 4 5 |  5.6
Spellcasting   | 3 4 |  4.5
Air Magic      | 1 2 |  2.6
Stealth        | 3 |  3.9
Fighting       | 1 2 |  2.3
Polearms       | 1 3 |  3.6
Conjurations   | 1 |  1.8
Shields        | 1 |  1.5
Dodging        | |  2.3
Transmutations | |  1.5

Action                   |  1- 3 |  4- 6 |  7- 9 || total
-------------------------+-------+-------+-------++-------
Melee: Dagger            |    20 |     3 |       ||    23
       Tentacles         |     6 |     9 |    12 ||    27
       Constrict         |     4 |    12 |     7 ||    23
       Short sword       |       |    39 |       ||    39
       Spear             |       |    17 |    48 ||    65
       Punch             |       |       |     2 ||     2
 Cast: Sting             |    33 |     9 |       ||    42
       Poisonous Vapours |     6 |    68 |     6 ||    80
       Mephitic Cloud    |       |     5 |     1 ||     6
  Use: Potion            |       |       |     1 ||     1
 Stab: Confused          |       |     1 |     1 ||     2
       Sleeping          |       |     1 |       ||     1
Armor: Skin              |     1 |     3 |     5 ||     9
Dodge: Dodged            |    11 |    34 |    16 ||    61
Block: Buckler           |       |     1 |     8 ||     9

Table legend: (Time is in decaauts)
 A = Elapsed time spent in this place.
 B = Non-inter-level travel time spent in this place.
 C = Inter-level travel time spent in this place.
 D = Time resting spent in this place.
 E = Time spent auto-exploring this place.
 F = Levels seen in this place.
 G = Mean time per level.
                   A        B        C        D        E       F      G
               +--------+--------+--------+--------+--------+-----+--------+
         Total |   6092 |   5871 |    221 |   1174 |   3439 |   6 | 1015.3 |
       Dungeon |   5762 |   5541 |    221 |    925 |   3439 |   5 | 1152.4 |
       Ossuary |    329 |    329 |      0 |    249 |      0 |   1 |  329.0 |
               +--------+--------+--------+--------+--------+-----+--------+

Top non-repeatable levels by time:
     D:3: 2486 daAuts
     D:2: 1376 daAuts
     D:1: 872 daAuts
     D:4: 870 daAuts
 Ossuary: 329 daAuts
     D:5: 156 daAuts
